 Dungeon Crawl Stone Soup version 0.22.1-1-ga44c0e5 (webtiles) character file.

5 MalarOregon the Skirmisher (level 1, 0/20 HPs)
             Began as a Minotaur Abyssal Knight on Sept 24, 2018.
             Was a Follower of Lugonu.
             Succumbed to a goblin's poison
             ... on level 1 of the Dungeon.
             The game lasted 00:00:50 (199 turns).

MalarOregon the Skirmisher (Minotaur Abyssal Knight) Turns: 199, Time: 00:00:51

Health: 0/20       AC:  4    Str: 16    XL:     1   Next: 66%
Magic:  1/1        EV: 11    Int:  9    God:    Lugonu [*.....]
Gold:   0          SH:  0    Dex:  9    Spells: 0/0 levels left

rFire    . . .     SeeInvis .   c - +0 whip (vamp) {!w}
rCold    . . .     Gourm    .   (no shield)
rNeg     . . .     Faith    .   b - +0 leather armour
rPois    .         Spirit   .   (helmet restricted)
rElec    .         Reflect  .   (no cloak)
rCorr    .         Harm     .   (no gloves)
MR       .....                  d - +0 pair of boots
Stlth    +.........             (no amulet)
HPRegen  0.06/turn              (no ring)
MPRegen  0.07/turn              (no ring)

@: lethally poisoned (0 -> -17)
A: retaliatory headbutt, horns 2
a: Depart the Abyss, Renounce Religion


You were on level 1 of the Dungeon.
You worshipped Lugonu.
Lugonu was aware of your devotion.
You were not hungry.

You visited 1 branch of the dungeon, and saw 1 of its levels.
You visited the Abyss 1 time.

Inventory:

Hand Weapons
 c - a +0 vampiric whip (weapon) {!w}
   (You took it off a kobold on level 1 of the Dungeon)
Armour
 b - a +0 leather armour (worn)
 d - a +0 pair of boots (worn)
   (You found it on level 1 of the Dungeon)


   Skills:
 + Level 3.7 Fighting
 * Level 2.6 Maces & Flails
 + Level 2.5 Armour
 + Level 1.2 Dodging
 + Level 1.8 Invocations


You couldn't memorise any spells.
You didn't know any spells.
Your spell library was empty.

Dungeon Overview and Level Annotations

Branches:
Dungeon (1/15)

Altars:


Innate Abilities, Weirdness & Mutations

You reflexively headbutt those who attack you in melee.
You have a pair of horns on your head.


Message History

a dagger; 4 stones; a kobold corpse
Found a ring mail.
Found 6 gold pieces.
Found 15 gold pieces.
A kobold comes into view.
The kobold shouts!
You hear a shout!
A kobold is nearby!
A kobold is nearby!
A goblin comes into view. It is wielding a dagger of venom.
The kobold hits you but does no damage.
You closely miss the kobold. The kobold hits you but does no damage.
You closely miss the kobold. The kobold hits you but does no damage.
You hit the kobold but do no damage. You headbutt the kobold.
You kill the kobold!
Lugonu accepts your kill.
You closely miss the goblin. Your headbutt misses the goblin.
The goblin hits you with a dagger of venom.
You are poisoned.
You barely miss the goblin. Your headbutt misses the goblin.
You feel sick.
The goblin hits you with a dagger of venom.
You are lethally poisoned!
Autopickup is now on.
You aren't carrying any potions.
Okay, then.
You closely miss the goblin. Your headbutt misses the goblin.
You feel sick. The goblin hits you but does no damage.
You miss the goblin. You headbutt the goblin.
You feel sick. The goblin hits you but does no damage.
You are more poisoned.
You hit the goblin.
You feel better.
You kill the goblin!
Lugonu accepts your kill.
You feel sick.
* * * LOW HITPOINT WARNING * * *
You feel sick.
You see here a dagger of venom.
You aren't carrying any food.
* * * LOW HITPOINT WARNING * * *
You feel sick.
* * * LOW HITPOINT WARNING * * *
You feel sick.
* * * LOW HITPOINT WARNING * * *
You feel sick.
* * * LOW HITPOINT WARNING * * *
You feel sick.
* * * LOW HITPOINT WARNING * * *
You feel sick.
* * * LOW HITPOINT WARNING * * *
You feel sick.
You die...

#.# ##)##.###
#)# #.##.#
#######.#######
#.##.#
..............#
#.##.#
#######.#####.#
#†##.# ######.#
#.##.###
#......##
#.......
#.#.###.##
###.#### ..
##@# #)# #.
#........ #.# #
#.##.#.## #.#
.## # #.# #
#.#### #.....
######


There were no monsters in sight!

Vanquished Creatures
  A goblin (D:1)
  4 kobolds (D:1)
5 creatures vanquished.

Notes
Turn   | Place    | Note
-------+----------+-------------------------------------------
     0 | Abyss:1  | MalarOregon the Minotaur Abyssal Knight began the quest for
                  | the Orb.
     0 | Abyss:1  | Reached XP level 1. HP: 19/19 MP: 1/1
     2 | Abyss:1  | Found a corrupted altar of Lugonu.
    10 | Abyss:1  | Noticed a sky beast
    17 | D:1      | Escaped the Abyss
   198 | D:1      | HP: 1/20 [poisoned by a goblin]
   199 | D:1      | Succumbed to a goblin's poison

Action                   || total
-------------------------++-------
Melee: Whip              ||    11
       Mace              ||     2
       Headbutt          ||     2
  Eat: Ration            ||     1
Armor: Leather armour    ||     4
Dodge: Dodged            ||     4
